 Dungeon Crawl Stone Soup version 0.20.1-1-g8b1a95d (webtiles) character file.

210 Internecine the Charmwright (level 5, -4/67 HPs)
             Began as a Centaur Skald on Oct 4, 2017.
             Was an Initiate of Okawaru.
             Killed from afar by Natasha (9 damage)
             ... with an exploding inner flame
             ... hexed by the player character
             ... on level 4 of the Dungeon.
             The game lasted 00:29:15 (3059 turns).

Internecine the Charmwright (Centaur Skald)         Turns: 3059, Time: 00:29:16

Health: -4/67      AC: 22    Str: 19    XL:     5   Next: 57%
Magic:  7/7        EV:  1    Int: 12    God:    Okawaru [......]
Gold:   168        SH:  7    Dex:  9    Spells: 4/7 levels left

rFire    + . .     SeeInvis .   l - +3 short sword (vamp)
rCold    + . .     Gourm    .   B - +0 shield
rNeg     + + +     Faith    .   (armour currently unavailable)
rPois    +         Spirit   .   (helmet currently unavailable)
rElec    +         Reflect  .   (cloak currently unavailable)
rCorr    +         Harm     .   (gloves currently unavailable)
MR       .....     NoTele   +   (no barding)
Stlth    +.........             (no amulet)
Regen    0.3/turn               m - ring of poison resistance
MPRegen  0.1/turn               o - +5 ring of strength

@: tree-form, resistant, slowed, very slow
A: no striking features
a: Renounce Religion


You were on level 4 of the Dungeon.
You worshipped Okawaru.
Okawaru was noncommittal.
You were hungry.
You were a tree.
You visited 2 branches of the dungeon, and saw 5 of its levels.

You collected 168 gold pieces.

Inventory:

Hand Weapons
 a - a +0 spear
 f - a +0 short sword
 l - a +3 vampiric short sword (weapon)
Missiles
 e - 115 stones (quivered)
 i - 42 arrows
 r - 36 sling bullets
Armour
 b - a +0 leather armour (melded)
 t - a +0 centaur barding
 u - a +0 ring mail
 w - a +0 centaur barding (melded)
 y - a +0 chain mail
 B - a +0 shield (worn)
 K - a +2 cloak (melded)
Jewellery
 m - a ring of poison resistance (left branch)
 o - a +5 ring of strength (right branch)
Scrolls
 d - 2 scrolls of remove curse
 v - 2 scrolls of identify
 E - a scroll of fog {unknown}
 G - a scroll of amnesia {unknown}
Potions
 n - a potion of cancellation {unknown}
 x - a potion of ambrosia {unknown}
 D - a potion of brilliance {unknown}
 F - a potion of flight {unknown}
 I - a potion of curing {unknown}
 J - a potion of haste {unknown}
Books
 c - a book of Battle

   Spells                             Type                      Level
   a - Infusion                       Charms                       1
   b - Shroud of Golubria             Charms/Translocation         2
   c - Song of Slaying                Charms                       2
   d - Spectral Weapon                Hexes/Charms                 3
   e - Regeneration                   Charms/Necromancy            3
Comestibles
 p - 2 bread rations
 A - a meat ration
 C - a chunk of flesh
 H - 3 fruits


   Skills:
 * Level 3.0 Fighting
 + Level 1.3 Short Blades
 + Level 2.0 Polearms
 + Level 1.4 Throwing
 * Level 1.6 Armour
 * Level 2.1 Dodging
 + Level 0.1 Stealth
 + Level 0.1 Shields
 * Level 1.9 Spellcasting
 * Level 3.3 Charms


You had 4 spell levels left.
You knew the following spells:

 Your Spells              Type           Power        Failure   Level  Hunger
a - Infusion              Chrm           #...         43%         1    ##.....
b - Shroud of Golubria    Chrm/Tloc      #.........   82%         2    ###....


Dungeon Overview and Level Annotations

Branches:
Dungeon (4/15)             Temple (1/1) D:4

Altars:
Ashenzari
Cheibriados
Dithmenos
Gozag
Makhleb
Nemelex Xobeh
Okawaru
Ru
Sif Muna
Trog
Vehumet
Xom
Yredelemnul
Zin
The Shining One

Annotations:
D:4 Grinder


Innate Abilities, Weirdness & Mutations

((You have hooves in place of feet.))
((Armour fits poorly on your strangely shaped body.))
((You cover ground very quickly.))
((You have extremely tough skin. (AC +3)))


Message History

Your roots penetrate the ground.
Natasha claws you but does no damage. You block Natasha's attack.
You closely miss Natasha.
Natasha is lightly wounded.
The crimson imp disappears in a puff of smoke!
Natasha stares at you and mumbles some strange words.
The magic dart hits you!
* * * LOW HITPOINT WARNING * * *
You block Natasha's attack.
You closely miss Natasha.
Natasha is lightly wounded.
You block Natasha's attack.
You hit Natasha.
You feel better.
Natasha is moderately wounded.
You block Natasha's attack.
Grinder blinks!
Natasha claws you.
* * * LOW HITPOINT WARNING * * *
You puncture Natasha!
Natasha explodes!
The fiery explosion engulfs you! You resist.
You die...

#....##.#
#............
#....##.#
#############
#....##.# . #....##.#
###### # #....##.#
#....# #
#....##.###.##.###....
#.....................
#######.###.##.###.###
#♣# #.##...
#######§###.######
#....##§........#
#....##.........#
#....##..5......#
#....##.........#
#....##.........#
#....##.........#
#....##.........#


You could see Grinder.

Vanquished Creatures
  A crimson imp (D:3)
  An iguana (D:4)
  8 adders
  A worm (D:3)
  3 dart slugs
  2 leopard geckos
  6 orcs (D:3)
  6 bats
  5 giant cockroaches
  9 goblins
  7 hobgoblins
  A quokka (D:1)
  2 frilled lizards
  7 kobolds
  5 rats
  A bush (D:2)
65 creatures vanquished.

Notes
Turn   | Place    | Note
-------+----------+-------------------------------------------
     0 | D:1      | Internecine the Centaur Skald began the quest for the Orb.
     0 | D:1      | Reached XP level 1. HP: 17/17 MP: 3/3
   136 | D:1      | Reached XP level 2. HP: 9/24 MP: 4/4
   668 | D:1      | Reached XP level 3. HP: 27/30 MP: 5/5
   940 | D:2      | Reached skill level 1 in Armour
  1398 | D:2      | Found a snail-covered altar of Cheibriados.
  1513 | D:2      | Reached XP level 4. HP: 31/37 MP: 6/6
  1723 | D:2      | Reached skill level 1 in Throwing
  1920 | D:2      | Reached skill level 1 in Short Blades
  2041 | D:3      | Learned a level 2 spell: Shroud of Golubria
  2061 | D:3      | Found a faded altar of an unknown god.
  2161 | D:3      | Found an opulent altar of Gozag.
  2364 | D:3      | Reached XP level 5. HP: 44/44 MP: 4/7
  2707 | D:4      | Found a staircase to the Ecumenical Temple.
  2714 | Temple   | Entered the Ecumenical Temple
  2742 | Temple   | Became a worshipper of Warmaster Okawaru
  2991 | D:4      | Noticed Grinder
  2993 | D:4      | Noticed Natasha
  3014 | D:4      | Paralysed by Grinder for 3 turns
  3041 | D:4      | Paralysed by Grinder for 5 turns
  3059 | D:4      | Killed Natasha
  3059 | D:4      | Killed from afar by Natasha

Skill      XL: |  1  2  3  4  5 |
---------------+----------------+-----
Charms         | 3 |  3.3
Polearms       | 2 |  2.0
Armour         | 1 |  1.6
Throwing       | 1 |  1.4
Short Blades   | 1 |  1.3
Dodging        | 2 |  2.1
Fighting       | 3 |  3.0
Stealth        | |  0.1
Shields        | |  0.1
Spellcasting   | |  1.9

Action                   |  1- 3 |  4- 6 || total
-------------------------+-------+-------++-------
Melee: Spear             |    49 |       ||    49
       Kick              |    74 |    16 ||    90
       Short sword       |   182 |   121 ||   303
Throw: Stone             |    53 |    42 ||    95
 Cast: Infusion          |       |     3 ||     3
  Use: Scroll            |       |     5 ||     5
       Potion            |       |     4 ||     4
  Eat: Bread ration      |     1 |       ||     1
       Chunk             |     1 |     4 ||     5
Armor: Leather armour    |    64 |    43 ||   107
       Skin              |       |    37 ||    37
Dodge: Dodged            |    58 |    16 ||    74
Block: Shield            |       |    45 ||    45
